 Dungeon Crawl Stone Soup version 0.18-a0-721-g8fc53f4 (webtiles) character file.

347 Korkiloff the Stinger (level 6, 0/38 HPs)
             Began as an Octopode Venom Mage on Dec 8, 2015.
             Was an Initiate of Sif Muna.
             Slain by George's ghost (10 damage)
             ... on level 4 of the Dungeon.
             The game lasted 00:18:33 (3865 turns).

Korkiloff the Stinger (Octopode Venom Mage)         Turns: 3865, Time: 00:18:34

Health: 0/38       AC:  1    Str: 12    XL:     6   Next: 59%
Magic:  11/11      EV: 13    Int: 20    God:    Sif Muna [......]
Gold:   187        SH:  0    Dex: 12    Spells: 4 memorised, 2 levels left

rFire  + . .     SeeInvis .     n - +2 hand axe (elec)
rCold  + . .     Clarity  .     (no shield)
rNeg   + . .     SustAt   .     (helmet restricted)
rPois  +         Gourm    .     (no amulet)
rElec  +         Spirit   .     t - ring of positive energy
rCorr  +         Dismiss  .     (no ring)
rMut   .         Stasis   .     (no ring)
MR     .....                    (no ring)
Stlth  +++.......               (no ring)
                                (no ring)
                                (no ring)
                                (no ring)

@: mighty, resistant, not resistant to hostile enchantments, fairly stealthy
A: almost no armour, amphibious, 8 rings, constrict 8, camouflage 1, gelatinous
body 1
a: Renounce Religion


You were on level 4 of the Dungeon.
You worshipped Sif Muna.
Sif Muna was noncommittal.
You were not hungry.

You visited 1 branch of the dungeon, and saw 4 of its levels.

You collected 187 gold pieces.

Inventory:

Hand Weapons
 e - a +0 dagger
 g - a -3 dagger
 i - a +0 dagger
 k - a +0 short sword
 l - a +0 dagger
 m - a +3 spear of venom
 n - a +2 hand axe of electrocution (weapon)
Missiles
 r - 7 bolts
 v - 22 sling bullets
 x - 13 exploding sling bullets
 D - 4 tomahawks (quivered)
Jewellery
 t - a ring of positive energy (left tentacle)
Scrolls
 s - a scroll of enchant weapon
 u - 3 scrolls of remove curse
 y - a scroll of teleportation
 B - a scroll of recharging {unknown}
 C - a scroll of identify {unknown}
Potions
 h - a potion of degeneration {unknown}
 j - a potion of curing {unknown}
 o - a potion of haste {unknown}
 p - a potion of ambrosia {unknown}
 q - a potion of magic {unknown}
 w - a potion of brilliance {unknown}
 z - a potion of berserk rage {unknown}
 F - a potion of invisibility {unknown}
Books
 a - a Young Poisoner's Handbook

   Spells                             Type                      Level
   a - Sting                          Conjuration/Poison           1
   b - Cure Poison                    Poison                       2
   c - Mephitic Cloud                 Conjuration/Poison/Air       3
   d - Olgreb's Toxic Radiance        Poison                       4
   e - Venom Bolt                     Conjuration/Poison           5
Comestibles
 b - 3 bread rations
 A - a meat ration
 E - 3 chunks of flesh


   Skills:
 + Level 1.0 Fighting
 + Level 0.8 Axes
 + Level 0.2 Throwing
 + Level 3.0 Dodging
 + Level 3.4 Stealth
 + Level 3.7 Spellcasting
 + Level 2.4 Conjurations
 + Level 0.2 Air Magic
 + Level 6.2 Poison Magic


You had 2 spell levels left.
You knew the following spells:

 Your Spells              Type           Power        Failure   Level  Hunger
a - Sting                 Conj/Pois      ###.         2%          1    None
b - Cure Poison           Pois           ####......   1%          2    ##.....
c - Mephitic Cloud        Conj/Pois/Air  ###.....     14%         3    ###....
d - Olgreb's Toxic Radia  Pois           ####....     12%         4    ####...


Dungeon Overview and Level Annotations

Branches:
Dungeon (4/15)
 Temple: D:4-7

Altars:
Fedhas
Sif Muna
Xom
Zin

Annotations:
D:4 George's ghost, novice GrFi


Innate Abilities, Weirdness & Mutations

You cannot wear most types of armour.
You are amphibious.
You can wear up to eight rings at the same time.
You can use your tentacles to constrict eight enemies at once.
Your skin changes colour to match your surroundings (Stealth).
Your rubbery body absorbs attacks (AC +1).


Message History

You hit George's ghost but do no damage.
George's ghost is moderately damaged.
George's ghost hits you.
You barely miss George's ghost.
George's ghost is moderately damaged.
George's ghost hits you!
Drink which item? (? for menu, Esc to quit)
You feel much better. George's ghost hits you.
You completely miss George's ghost.
George's ghost is moderately damaged.
George's ghost closely misses you.
You hit George's ghost.
George's ghost is moderately damaged.
George's ghost hits you!! George's ghost hits you.
* * * LOW HITPOINT WARNING * * *
Drink which item? (? for menu, Esc to quit)
It was a potion of resistance.
You feel protected. George's ghost hits you!
You die...

#.##.#...# #
#.##.#...# #
#.##.#...#
#.##.#...# ..#
#.##.....+ ...
#.###....# .# #.#
#.<..# # #W# #....#
# #@# #....# # #.#
#....# # #.# #.....
# #.# #..#.#. #
#####.# #..#.#.. #
#.....# #..#.##### #
##.######..#.....# #
#................###
#
##..#..............
#


You could see George's ghost.

Vanquished Creatures
  A scorpion (D:4)
  An orc priest (D:4)
  A giant frog skeleton (D:4)
  3 worker ants (D:4)
  A gnoll (D:1)
  11 adders
  An adder skeleton (D:4)
  A worm (D:2)
  4 orcs
  2 ball pythons (D:3)
  4 bats
  5 giant cockroaches
  2 hobgoblins (D:1)
  5 jackals
  A giant gecko (D:2)
  5 giant newts
  6 goblins
  6 kobolds
  8 rats
68 creatures vanquished.

Notes
Turn   | Place    | Note
--------------------------------------------------------------
     0 | D:1      | Korkiloff the Octopode Venom Mage began the quest for the Orb.
     0 | D:1      | Reached XP level 1. HP: 11/11 MP: 3/3
    95 | D:1      | Reached skill level 5 in Poison Magic
   186 | D:1      | Reached XP level 2. HP: 12/17 MP: 1/5
   404 | D:1      | Reached XP level 3. HP: 21/21 MP: 1/6
   408 | D:1      | Learned a level 2 spell: Cure Poison
  1012 | D:2      | Reached XP level 4. HP: 27/27 MP: 2/8
  1021 | D:2      | Learned a level 3 spell: Mephitic Cloud
  1091 | D:2      | Reached skill level 1 in Conjurations
  1257 | D:2      | Found a deep blue altar of Sif Muna.
  1264 | D:2      | Became a worshipper of Sif Muna the Loreminder
  1768 | D:3      | Reached XP level 5. HP: 31/31 MP: 5/9
  1769 | D:3      | Found a blossoming altar of Fedhas.
  2142 | D:3      | Learned a level 4 spell: Olgreb's Toxic Radiance
  2180 | D:4      | Noticed George's ghost (novice GrFi)
  2987 | D:4      | Reached skill level 6 in Poison Magic
  3489 | D:4      | Reached XP level 6. HP: 20/36 MP: 9/11
  3594 | D:4      | Found a glowing silver altar of Zin.
  3636 | D:4      | Found a shimmering altar of Xom.
  3697 | D:4      | Reached skill level 1 in Fighting
  3865 | D:4      | Slain by George's ghost

Vault maps used:
D:1:      dpeg_arrival_rhombi, serial_bayou_pond_a, roderic_serpentine_path
D:2:      overflow_temple_1_default
D:3:      overflow_temple_1_default, first_bread
D:4:      zin_statuary, old_standard_altar, kennysheep_mini_moat

Action                   |  1- 3 |  4- 6 || total
-------------------------+-------+-------++-------
Melee: Dagger            |     6 |    31 ||    37
       Unarmed           |     2 |       ||     2
       Hand axe          |       |    41 ||    41
       Spear             |       |     8 ||     8
Throw: Tomahawk          |       |     1 ||     1
 Cast: Sting             |    52 |    41 ||    93
       Mephitic Cloud    |       |     4 ||     4
       Cure Poison       |       |     2 ||     2
  Use: Scroll            |     1 |     2 ||     3
       Potion            |       |     4 ||     4
 Stab: Sleeping          |     2 |       ||     2
  Eat: Chunk             |     1 |     4 ||     5
       Meat ration       |       |     1 ||     1
